 Dungeon Crawl Stone Soup version 0.27.0-1-g7a089689b8 (webtiles) character file.

Game seed: 15291979206856353368

4636 sasquatch the Spear-Bearer (level 10, -11/70 HPs)
             Began as a Formicid Fighter on Aug 3, 2021.
             Was a Priest of the Shining One.
             Killed from afar by Harold (17 damage)
             ... with a harpoon shot
             ... on level 8 of the Dungeon.
             The game lasted 00:21:06 (10133 turns).

sasquatch the Spear-Bearer (Formicid Fighter)      Turns: 10133, Time: 00:21:06

Health: -11/70     AC: 13    Str: 25    XL:     10   Next: 70%
Magic:  10/10      EV: 10    Int:  7    God:    the Shining One [***...]
Gold:   703        SH: 12    Dex: 10    Spells: 9/9 levels left

rFire    . . .     SeeInvis +   a - +0 trident
rCold    . . .     Faith    .   c - +0 kite shield
rNeg     + . .     Spirit   .   b - +0 scale mail
rPois    .         Reflect  .   (helmet unavailable)
rElec    .         Harm     .   u - +0 cloak
rCorr    .         Rampage  +   o - +2 pair of gloves
Will     +....                  l - +1 pair of boots {rampage}
Stlth    ..........             (no amulet)
HPRegen  0.21/turn              (no ring)
MPRegen  0.12/turn              (no ring)

@: marked, glowing
A: permanent stasis, dig shafts and tunnels, antennae 3, four strong arms
a: Dig, Shaft Self, Renounce Religion, Divine Shield


You were on level 8 of the Dungeon.
You worshipped the Shining One.
The Shining One was most pleased with you.
You visited 2 branches of the dungeon, and saw 9 of its levels.

You collected 703 gold pieces.

Inventory:

Hand Weapons
 a - a +0 trident (weapon)
 r - a +0 battleaxe
 D - a +0 whip
 H - a +5 scimitar
 J - a +1 whip of electrocution
 L - a +0 halberd
Missiles
 f - 5 silver boomerangs
 C - 44 poisoned darts (quivered)
Armour
 b - a +0 scale mail (worn)
 c - a +0 kite shield (worn)
 g - a +0 chain mail
 l - a +1 pair of boots of rampaging (worn)
 m - a +0 plate armour
 o - a +2 pair of gloves (worn)
 u - a +0 cloak (worn)
 y - a +0 chain mail
 I - a +1 tower shield
Jewellery
 p - a +4 ring of evasion
 E - an amulet of reflection
Wands
 w - a wand of mindburst (13)
 F - a wand of polymorph (8)
Scrolls
 e - a scroll of fear
 i - a scroll of teleportation
 k - 3 scrolls of identify
 n - a scroll of amnesia
 z - a scroll of brand weapon {unknown}
Potions
 d - 3 potions of might
 h - a potion of berserk rage {unknown}
 j - a potion of mutation {unknown}
 q - 2 potions of curing
 s - 2 potions of resistance
 t - a potion of brilliance {unknown}
 v - 4 potions of heal wounds {unknown}
 x - a potion of flight {unknown}
 A - a potion of degeneration {unknown}
 B - 2 potions of ambrosia {unknown}
 K - a potion of haste {unknown}
 M - a potion of lignification {unknown}


   Skills:
 - Level 3.2 Fighting
 * Level 13.0 Polearms
 - Level 3.2 Armour
 - Level 9.0 Shields


You had 9 spell levels left.
You didn't know any spells.
Your spell library contained the following spells:

 Spells                   Type           Power      Damage    Failure   Level
 Animate Skeleton         Necr           0%         N/A       73%         1
 Apportation              Tloc           0%         N/A       73%         1
 Corona                   Hex            0%         N/A       73%         1
 Sting                    Tmut/Pois      0%         1d3       73%         1
 Summon Small Mammal      Summ           0%         N/A       73%         1
 Ensorcelled Hibernation  Hex/Ice        0%         N/A       86%         2
 Poisonous Vapours        Pois/Air       0%         N/A       86%         2
 Call Canine Familiar     Summ           0%         N/A       97%         3
 Portal Projectile        Hex/Tloc       0%         N/A       97%         3
 Tukima's Dance           Hex            0%         N/A       97%         3
 Leda's Liquefaction      Hex/Erth       0%         N/A       100%        4
 Olgreb's Toxic Radiance  Pois           0%         N/A       100%        4
 Passage of Golubria      Tloc           N/A        N/A       100%        4
 Manifold Assault         Tloc           0%         N/A       100%        5
 Yara's Violent Unravell  Hex/Tmut       0%         3d3       100%        5
 Storm Form               Tmut/Air       0%         N/A       100%        7
 Blink                    Tloc           Unusable   N/A       N/A         2

Dungeon Overview and Level Annotations

Branches:
Dungeon (8/15)             Temple (1/1) D:4            Lair (0/6) D:8

Altars:
Cheibriados
Dithmenos
Elyvilon
Fedhas
Gozag
Hepliaklqana
Kikubaaqudgha
Makhleb
Nemelex Xobeh
Okawaru
Qazlal
Ru
Sif Muna
Trog
Uskayaw
Vehumet
Wu Jian
Xom
Yredelemnul
Zin
The Shining One

Annotations:
D:2 Sigmund
D:5 2 transporters, DemonSlayer's ghost, novice HuBe
D:8 Harold


Innate Abilities, Weirdness & Mutations

You cannot be hasted, slowed, berserked, paralysed or teleported.
You can dig through walls and to a lower floor.
You have a pair of large antennae on your head. (SInv)
Your four strong arms can wield two-handed weapons with a shield.


Message History

Harold points at you and mumbles some strange words.
The mark upon you grows brighter.
You extend your mandibles.
You dig through the rock wall.
You retract your mandibles.
You hear a zap.
Some rock shatters into small pieces.
You extend your mandibles.
You dig through the rock wall.
You retract your mandibles.
Harold zaps a wand.
Some rock shatters into small pieces.
The now-empty wand crumbles to dust.
You extend your mandibles.
You dig through the rock wall.
You dig through the rock wall.
You dig through the rock wall.
You dig through the rock wall.
You dig through the rock wall.
The very large slime creature hits you!!
* * * LOW HITPOINT WARNING * * *
Found a basalt altar of Yredelemnul.
You retract your mandibles.
Harold says happily, "The price on your head will fill my nest egg nicely!"
Press: ? - help, v - describe, . - travel
Here: a very large slime creature (haloed)
The floor.
The very large slime creature jiggles.
Harold says, "I was hoping my final job would be more of a challenge, but money is money."
There is an open door here.
You open the door.
There is an open door here.
Harold fires a harpoon shot at you. The harpoon shot hits you.
* * * LOW HITPOINT WARNING * * *
You are yanked forward by the harpoon shot.
Harold fires a harpoon shot at you. The harpoon shot misses you.
Harold fires a harpoon shot at you. The harpoon shot hits you!
You die...

########
########......############
.......#<.....#..........#
.......#......#..........#
...........J..#..........#
.......#.....@#..........##
.......#[.@...'..........## ###
..######......#J########...
..####..###.......###.#........P.
..........#......^#..{#....@...._
..........#.......#...#........P.
..........#.......#...J..........
..........#.......#...#..........
..........#....?..#...#..........
..<.......#.......#...#..........


You could see Harold and 2 slime creatures.

Vanquished Creatures
  A slime creature (D:8)
  Joseph (D:7)
  2 trolls (D:8)
  Eustachio (D:4)
  A steam dragon (D:7)
  2 water moccasins (D:7)
  2 orc warriors
  A sky beast (D:5)
  An ice beast (D:7)
  4 ogres
  5 wolves
  A centaur (D:6)
  2 kobold brigands
  2 phantoms (D:6)
  2 scorpions
  A wyvern zombie (D:5)
  2 water moccasin skeletons (D:5)
  4 wights (D:6)
  4 howler monkeys (D:7)
  A bullfrog skeleton (D:7)
  5 hounds
  A jelly (D:4)
  2 gnoll shamans
  2 orc priests (D:8)
  A centaur skeleton (D:7)
  3 iguanas
  5 orc wizards
  A hound zombie (D:5)
  14 gnolls
  2 howler monkey skeletons
  10 adders
  3 white imps
  An ufetubus (D:5)
  2 worms
  An adder skeleton (D:5)
  2 dart slugs
  17 orcs
  4 ball pythons
  3 endoplasms
  3 giant cockroaches
  2 hobgoblins (D:4)
  11 jackals
  2 quokkas (D:1)
  4 bats
  3 frilled lizards (D:1)
  7 goblins
  14 kobolds
  5 rats
170 creatures vanquished.

Vanquished Creatures (others)
  3 plants (D:4)
  A withered plant (D:8)
4 creatures vanquished.

Grand Total: 174 creatures vanquished

Notes
Turn   | Place    | Note
-------+----------+-------------------------------------------
     0 | D:1      | sasquatch the Formicid Fighter began the quest for the Orb.
     0 | D:1      | Reached XP level 1. HP: 18/18 MP: 1/1
   398 | D:1      | Reached XP level 2. HP: 24/24 MP: 2/2
  1141 | D:2      | Reached skill level 3 in Polearms
  1141 | D:2      | Reached XP level 3. HP: 10/29 MP: 3/3
  1467 | D:2      | Noticed Sigmund
  1739 | D:3      | Reached XP level 4. HP: 35/35 MP: 4/4
  1812 | D:3      | Found a sparkling altar of Nemelex Xobeh.
  1909 | D:3      | Found an ancient bone altar of Kikubaaqudgha.
  2061 | D:3      | Found an ornate altar of the Wu Jian Council.
  2089 | D:3      | Reached skill level 4 in Polearms
  2160 | D:3      | Reached XP level 5. HP: 41/41 MP: 5/5
  2317 | D:3      | Found a faded altar of an unknown god.
  2532 | D:4      | Found a staircase to the Ecumenical Temple.
  2558 | Temple   | Entered the Ecumenical Temple
  2759 | Temple   | Became a worshipper of the Shining One
  2785 | D:4      | Noticed Eustachio
  2882 | D:4      | Found a stormy altar of Qazlal.
  3058 | D:4      | Reached skill level 5 in Shields
  3239 | D:4      | Reached XP level 6. HP: 43/47 MP: 6/6
  3394 | D:4      | Found a shimmering blue altar of Sif Muna.
  3439 | D:5      | Entered Level 5 of the Dungeon
  3449 | D:5      | Found a transporter.
  3449 | D:5      | Noticed DemonSlayer's ghost (novice HuBe)
  3450 | D:5      | Found a transporter.
  3489 | D:5      | Reached skill level 5 in Polearms
  3786 | D:5      | Found a hazy altar of Hepliaklqana.
  3805 | D:5      | Reached XP level 7. HP: 39/52 MP: 7/7
  3933 | D:5      | Reached skill level 6 in Polearms
  3956 | D:5      | Found a snail-covered altar of Cheibriados.
  4385 | D:5      | Reached * piety under the Shining One
  4545 | D:4      | Killed Eustachio
  4764 | D:5      | Reached skill level 7 in Polearms
  4848 | D:5      | Reached XP level 8. HP: 52/58 MP: 8/8
  5199 | D:5      | Reached skill level 8 in Polearms
  5712 | D:6      | Reached XP level 9. HP: 64/64 MP: 9/9
  5868 | D:6      | Reached ** piety under the Shining One
  5905 | D:6      | Reached skill level 9 in Polearms
  7035 | D:7      | Noticed Joseph
  7052 | D:6      | Reached skill level 10 in Polearms
  7348 | D:7      | Killed Joseph
  7520 | D:7      | Identified the +1 robe of the Okapi {Harm rF- Str-3 Stlth+}
  7549 | D:7      | Reached skill level 11 in Polearms
  7732 | D:7      | Reached XP level 10. HP: 56/70 MP: 10/10
  7752 | D:7      | Identified a scroll of acquirement
  7752 | D:7      | Acquired a +1 pair of boots of rampaging
  8550 | D:8      | Reached *** piety under the Shining One
  8704 | D:7      | Reached skill level 12 in Polearms
  9089 | D:8      | Found a staircase to the Lair.
  9932 | D:8      | Reached skill level 13 in Polearms
 10063 | D:8      | Noticed Harold
 10108 | D:8      | Found a basalt altar of Yredelemnul.
 10133 | D:8      | Killed from afar by Harold

Illustrated notes

Levels and vault maps discovered:
D:1:      beargit_arrival_greenhouse, layout_basic, minivault_4, minmay_ruptured
D:2:      layout_rooms, uniq_sigmund, uniq_crazy_yiuf_cottage
D:3:      minmay_evil_eye, layout_loops_ring, lemuel_doored_altar,
          nemelex_dance_club_becter, overflow_temple_1_default,
          shapermc_ecumenical_altar_pompeii, kennysheep_generic_room_11
D:4:      layout_basic, mainiacjoe_overflow_catwalk, general_overflow_altar,
          minmay_temple_entry_gardened_gates, uniq_eustachio
D:5:      minmay_polygon_palace, layout_gridville,
          nicolae_overflow_hidden_temple, cheibriados_altar_1,
          gammafunk_ghost_abyssal_escape, st_stairs_8
D:6:      layout_layer_cave
D:7:      layout_cave_pools, uniq_joseph
D:8:      layout_gridville, yredelemnul_altar_generic, erik_lair_island,
          serial_shops, nicolae_shop_behind_doors, uniq_harold
Temple:   nicolae_temple_figure_eight

Skill      XL: |  1  2  3  4  5  6  7  8  9 10 |
---------------+-------------------------------+-----
Shields        | 4 5 6 8 9 |  9.0
Polearms       | 3 4 5 7 8 11 13 | 13.0
Fighting       | |  3.2
Armour         | |  3.2

Action                   |  1- 3 |  4- 6 |  7- 9 | 10-12 || total
-------------------------+-------+-------+-------+-------++-------
Melee: Trident           |   133 |   174 |   347 |   178 ||   832
Throw: Dart              |       |       |       |    16 ||    16
 Abil: Dig               |     6 |     8 |    18 |    19 ||    51
Evoke: Wand              |       |       |    11 |     4 ||    15
  Use: Scroll            |       |       |       |    10 ||    10
Armor: Scale mail        |    88 |    84 |    87 |    32 ||   291
Dodge: Dodged            |    37 |    60 |    68 |    35 ||   200
Block: Kite shield       |    82 |    78 |   126 |    89 ||   375
